 Dungeon Crawl Stone Soup version 0.21-a0-396-ga924934 (webtiles) character file.

118402 Drevant the Bludgeoner (level 16, -8/108 HPs)
             Began as a Gargoyle Gladiator on Oct 19, 2017.
             Was the Champion of Trog.
             Blown up by an orb spider (35 damage)
             ... with an orb of destruction
             ... on level 4 of the Spider Nest.
             The game lasted 01:17:15 (25351 turns).

Drevant the Bludgeoner (Gargoyle Gladiator)        Turns: 25351, Time: 01:17:16

Health: -8/108     AC: 35    Str: 28    XL:     16   Next: 76%
Magic:  16/16      EV:  9    Int:  9    God:    Trog [******]
Gold:   1495       SH:  0    Dex: 13    Spells: 15/15 levels left

rFire    + + +     SeeInvis .   u - +7 great mace "Firestarter" {inner flame, rF++}
rCold    . . .     Gourm    .   (shield currently unavailable)
rNeg     + . .     Faith    .   G - +0 plate armour
rPois    ∞         Spirit   .   Q - +0 helmet of the Present {Str+5}
rElec    +         Reflect  .   y - scarf {repulsion}
rCorr    .         Harm     .   O - +0 pair of gloves
MR       +....                  U - +0 pair of boots
Stlth    ..........             b - amulet of Miracles {Regen+ Slay+2}
HPRegen  0.68/turn              M - +3 ring of protection
MPRegen  0.15/turn              g - ring of protection from fire

@: repel missiles
A: big wings, negative energy resistance 1, electricity resistance, unbreathing,
petrification resistance, rot immunity, AC +12
a: Fly, Berserk, Trog's Hand, Brothers in Arms, Burn Spellbooks, Renounce
Religion


You were on level 4 of the Spider Nest.
You worshipped Trog.
Trog was exalted by your worship.
You were not hungry.

You visited 4 branches of the dungeon, and saw 24 of its levels.
You also visited: Labyrinth and Ice Cave.

You collected 2349 gold pieces.
You spent 854 gold pieces at shops.

Inventory:

Hand Weapons
 a - a +9 eveningstar of venom
 u - the +7 great mace "Firestarter" (weapon) {inner flame, rF++}
   (You bought it in a shop on level 2 of the Orcish Mines)

   It has been specially enchanted to burn those struck by it, causing extra
   injury to most foes and up to half again as much damage against particularly
   susceptible opponents.
   It greatly protects you from fire.
Missiles
 d - 3 throwing nets
 h - 6 javelins of returning (quivered)
 R - 3 javelins
Armour
 y - a scarf of repulsion (worn)
 G - a +0 plate armour (worn)
 O - a +0 pair of gloves (worn)
 Q - the +0 helmet of the Present (worn) {Str+5}
   (You found it on level 7 of the Dungeon)

   It affects your strength (+5).
 U - a +0 pair of boots (worn)
Jewellery
 b - the amulet of Miracles (around neck) {Regen+ Slay+2}
   (You found it in a labyrinth)

   [amulet of regeneration]

   It affects your accuracy and damage with ranged weapons and melee attacks
   (+2).
   It increases your rate of regeneration.
 g - a ring of protection from fire (right hand)
 p - an uncursed ring of positive energy
 t - an uncursed ring of resist corrosion
 x - an uncursed ring of protection from fire
 M - a +3 ring of protection (left hand)
 T - an uncursed ring of protection from cold
Wands
 s - a wand of lightning (7/15)
 A - a wand of iceblast (12/15)
 H - a wand of flame (30/48)
 K - a wand of enslavement (11/24)
 S - a wand of polymorph (8/24)
 W - a wand of disintegration (12/24)
 X - a wand of acid (8/15)
Scrolls
 o - a scroll of fog
 q - 10 scrolls of remove curse
 z - 2 scrolls of teleportation
 C - 3 scrolls of recharging
 D - 2 scrolls of magic mapping
 E - a scroll of enchant weapon
 F - 3 scrolls of blinking
Potions
 c - 2 potions of magic
 j - 2 potions of invisibility
 m - 2 potions of mutation
 n - 12 potions of curing
 r - 3 potions of cancellation
 v - 5 potions of brilliance
 w - a potion of might
 B - a potion of berserk rage
 I - 3 potions of haste
 J - 2 potions of resistance
 L - 2 potions of agility
 V - 2 potions of heal wounds
Comestibles
 f - 19 bread rations
 i - 10 meat rations
 k - 12 royal jellies
 l - 14 fruits
 Z - 4 chunks of flesh


   Skills:
 - Level 15.3 Fighting
 * Level 18.9 Maces & Flails
 - Level 2.0 Throwing
 - Level 12.3 Armour
 - Level 2.6 Dodging
   Level 13.2 Shields


You had 15 spell levels left.
You didn't know any spells.

Dungeon Overview and Level Annotations

Branches:
Dungeon (12/15)            Temple (0/1) D:7            Lair (6/6) D:8
  Swamp (0/4) Lair:2       Spider (4/4) Lair:3        Slime (0/5) Lair:6
    Orc (2/2) D:12            Elf (0/3) Orc:2

Altars:
Gozag
Hepliaklqana
Kikubaaqudgha
Qazlal
Ru
Trog
The Shining One
Beogh

Shops:
D:6 }   Orc:2 :(((

Annotations:
Lair:5 exclusion: 4 oklob plants
Spider:3 exclusion: Roxanne, Roxanne


Innate Abilities, Weirdness & Mutations

You are resistant to torment.
Your stone body is resilient. (AC +12)
You are immune to poison.
Your large and strong wings let you fly indefinitely.
You resist negative energy. (rN+)
You are resistant to electric shocks. (rElec)
You can survive without breathing.
You are immune to petrification.
You are immune to rotting.


Message History

The orb of destruction hits you!
* * * LOW HITPOINT WARNING * * *
The orb spider weaves a glowing orb of energy.
An orb of destruction comes into view.
The orb spider begins to weave its threads into a brightly glowing ball.
You bludgeon the orb spider!! You burn the orb spider.
The orb spider is filled with an inner flame.
The orb spider is heavily wounded.
The orb spider weaves a glowing orb of energy.
The wavering orb of destruction weakly hits you!
You sock the orb spider! You burn the orb spider.
The orb spider is almost dead.
You sock the orb spider! You burn the orb spider.
The orb spider explodes!
The fiery explosion engulfs you! You resist.
* * * LOW HITPOINT WARNING * * *
Trog accepts your kill.
You hear an angry hiss. x3; You hear a hideous shriek!
You hear an angry hiss.
The orb of destruction hits you!
You die...

#≈.. ##..# ##..^.##
##....%.###
%.....§§..###########
.....§§§..^..........
......§§§§.....%.....
.....§....§...#....%$ .
.#..§.....@.......... ...
...............%.......
.......^..§....†.....%#....
.......#...^..%.....%....^.
#....^............^........
.........^......^......%...
............%......$.......
.....^#..........#.......%.
...........".$../.........


There were no monsters in sight!

Vanquished Creatures
  Bai Suzhen (Spider:3)
  Nikola (Spider:1)
  Arachne (Spider:4)
  Jorgrun (Spider:3)
  Gastronok (D:8)
  Kirke (Lair:5)
  Donald (Spider:3)
  A frost giant (IceCv)
  A spark wasp (Spider:3)
  A minotaur (Lab)
  Fannar (Lair:1)
  4 hydras
  3 two-headed ogres
  18 death yaks
  The ghost of nubinia the Destroyer, a journeyman TeCj of Vehumet (D:11)
  3 orc high priests (Orc:2)
  Urug (D:11)
  Nergalle (D:11)
  5 orc knights (Orc:2)
  11 orb spiders
  6 orc sorcerers
  3 cyclopes (D:12)
  16 wolf spiders
  A moth of wrath (Spider:3)
  Maurice (D:11)
  Psyche (D:8)
  An ice statue (IceCv)
  6 elephants (Lair:5)
  3 black mambas
  Joseph (D:7)
  10 spiny frogs
  2 gargoyles
  2 rime drakes
  5 demonic crawlers
  3 trolls
  9 komodo dragons
  19 jumping spiders
  28 polar bears
  A hornet (D:11)
  8 hippogriffs
  3 raiju (Lair:6)
  15 blink frogs
  8 dream sheep (Lair:6)
  A shadow (D:12)
  44 redbacks
  12 tarantellas
  3 wyverns
  Sigmund (D:4)
  44 yaks
  5 hogs (Lair:4)
  A hungry ghost (D:12)
  2 vampire mosquitoes (D:12)
  8 wargs
  Edmund (D:6)
  12 hell hounds (Lair:6)
  2 porcupines
  Duvessa (D:4)
  13 water moccasins
  An ice beast (D:12)
  21 orc warriors
  A necrophage (D:8)
  5 sky beasts
  11 black bears (Lair:6)
  A phantom (D:8)
  55 wolves
  8 ogres
  4 centaurs
  12 crocodiles
  3 big kobolds
  11 bullfrogs
  2 gnoll sergeants
  A wyvern zombie (D:11)
  Dowan (D:4)
  7 scorpions
  12 killer bees
  3 wights (D:12)
  A howler monkey (D:6)
  4 lava snakes (Lab)
  A centaur zombie (D:10)
  7 crimson imps
  7 hounds
  2 bullfrog zombies
  A quasit (D:10)
  3 jellies
  Crazy Yiuf (D:4)
  A bullfrog skeleton (D:5)
  14 orc priests
  24 orc wizards
  A centaur skeleton (D:4)
  8 worker ants
  A killer bee zombie (D:8)
  A hound zombie (D:7)
  2 hound skeletons (D:6)
  A howler monkey zombie (D:5)
  A worker ant zombie (D:7)
  2 howler monkey skeletons (D:4)
  13 gnolls
  9 adders
  2 shadow imps
  3 oozes
  3 adder skeletons
  6 worms
  A dart slug (D:1)
  7 leopard geckos
  48 orcs
  2 ball pythons
  5 bats
  5 giant cockroaches
  5 hobgoblins
  13 jackals
  4 quokkas
  9 frilled lizards
  9 goblins
  27 kobolds
  10 rats
  A fungus (D:8)
  A plant (Lair:6)
785 creatures vanquished.

Vanquished Creatures (others)
  A wolf spider (Spider:1)
  A redback (Spider:3)
  A human (Lair:6)
  4 wolves (IceCv)
  A crocodile (Lair:6)
  2 orc wizards
  3 bushes (Lair:6)
  3 fungi
  11 plants
27 creatures vanquished.

Grand Total: 812 creatures vanquished

Notes
Turn   | Place    | Note
-------+----------+-------------------------------------------
     0 | D:1      | Drevant the Gargoyle Gladiator began the quest for the Orb.
     0 | D:1      | Reached XP level 1. HP: 12/12 MP: 1/1
    97 | D:1      | Reached XP level 2. HP: 18/18 MP: 2/2
   294 | D:1      | Reached XP level 3. HP: 21/22 MP: 3/3
   709 | D:2      | Found a faded altar of an unknown god.
   811 | D:2      | Became a worshipper of Trog the Wrathful
   811 | D:2      | Reached * piety under Trog
   933 | D:2      | Reached skill level 1 in Armour
  1063 | D:2      | Noticed a centaur
  1073 | D:2      | Killed a centaur
  1073 | D:2      | Reached skill level 4 in Maces & Flails
  1073 | D:2      | Reached XP level 4. HP: 15/28 MP: 4/4
  1073 | D:2      | Reached XP level 5. HP: 17/32 MP: 5/5
  1511 | D:2      | Reached ** piety under Trog
  1891 | D:2      | Found a sacrificial altar of Ru.
  2395 | D:3      | Found a bloodstained altar of Trog.
  2503 | D:3      | Reached XP level 6. HP: 38/38 MP: 6/6
  2510 | D:3      | Reached skill level 5 in Maces & Flails
  2727 | D:3      | Reached *** piety under Trog
  3144 | D:4      | Found a runed door.
  3267 | D:4      | Noticed Sigmund
  3274 | D:4      | Killed Sigmund
  3274 | D:4      | Reached XP level 7. HP: 44/44 MP: 7/7
  3308 | D:4      | Noticed Duvessa
  3308 | D:4      | Noticed Dowan
  3324 | D:4      | Killed Duvessa
  3324 | D:4      | Reached skill level 6 in Maces & Flails
  3330 | D:4      | Killed Dowan
  3362 | D:4      | Found a sand-covered staircase.
  3475 | D:4      | Reached skill level 5 in Fighting
  3858 | D:4      | Reached XP level 8. HP: 47/49 MP: 8/8
  4191 | D:4      | Noticed Crazy Yiuf
  4196 | D:4      | Killed Crazy Yiuf
  4327 | D:5      | Entered Level 5 of the Dungeon
  4405 | D:5      | Reached skill level 7 in Maces & Flails
  4543 | D:5      | Reached skill level 5 in Armour
  5194 | D:5      | Reached skill level 8 in Maces & Flails
  5321 | D:5      | Found an opulent altar of Gozag.
  5375 | D:5      | Reached **** piety under Trog
  6044 | D:6      | Reached XP level 9. HP: 41/56 MP: 9/9
  6422 | D:6      | Found a stormy altar of Qazlal.
  6450 | D:6      | Found Bocaiwig's Gadget Emporium.
  6670 | D:6      | Noticed Edmund
  6681 | D:6      | Killed Edmund
  6875 | D:7      | Reached skill level 9 in Maces & Flails
  7061 | D:7      | Found a hazy altar of Hepliaklqana.
  7112 | D:7      | Got a polished helmet
  7123 | D:7      | Identified the +0 helmet of the Present {Str+5} (You found it on level 7 of the Dungeon)
  7176 | D:7      | Noticed Joseph
  7191 | D:7      | Killed Joseph
  7846 | D:7      | Found a staircase to the Ecumenical Temple.
  8128 | D:8      | Found a glowing golden altar of the Shining One.
  8137 | D:8      | Reached skill level 10 in Maces & Flails
  8148 | D:8      | Noticed Gastronok
  8168 | D:8      | Killed Gastronok
  8168 | D:8      | Reached XP level 10. HP: 65/65 MP: 8/10
  8286 | D:8      | Noticed Psyche
  8294 | D:8      | Killed Psyche
  8294 | D:8      | Reached skill level 11 in Maces & Flails
  8305 | D:8      | Found a staircase to the Lair.
  8317 | D:8      | Received a gift from Trog
  9260 | D:9      | Reached ***** piety under Trog
  9372 | D:9      | Found an ancient bone altar of Kikubaaqudgha.
  9607 | D:10     | Entered Level 10 of the Dungeon
  9671 | D:10     | Reached XP level 11. HP: 70/71 MP: 11/11
  9698 | D:10     | Noticed a two-headed ogre
  9707 | D:10     | Killed a two-headed ogre
  9707 | D:10     | Reached skill level 12 in Maces & Flails
 10006 | D:10     | Received a gift from Trog
 10085 | D:11     | Noticed Urug
 10114 | D:11     | Killed Urug
 10237 | D:11     | Noticed Nergalle
 10241 | D:11     | Noticed Maurice
 10244 | D:11     | Noticed a spectral orc warlord
 10255 | D:11     | Killed Nergalle
 10255 | D:11     | Reached skill level 10 in Fighting
 10260 | D:11     | Killed Maurice
 10514 | D:11     | Noticed a two-headed ogre
 10523 | D:11     | Killed a two-headed ogre
 10584 | D:11     | Noticed a two-headed ogre
 10585 | D:11     | Noticed nubinia's ghost (journeyman TeCj)
 10601 | D:11     | Killed a two-headed ogre
 10601 | D:11     | Reached skill level 10 in Armour
 10607 | D:11     | Killed nubinia's ghost
 10607 | D:11     | Received a gift from Trog
 10607 | D:11     | Reached skill level 13 in Maces & Flails
 11324 | Lair:1   | Entered Level 1 of the Lair of Beasts
 11332 | Lair:1   | Reached XP level 12. HP: 68/79 MP: 9/12
 11389 | Lair:1   | Noticed Fannar
 11401 | Lair:1   | Killed Fannar
 11667 | Lair:1   | Noticed a six-headed hydra
 11675 | Lair:1   | Killed a six-headed hydra
 12206 | Lair:2   | Noticed a seven-headed hydra
 12217 | Lair:2   | Killed a seven-headed hydra
 12650 | Lair:2   | Reached skill level 14 in Maces & Flails
 12721 | Lair:2   | Found a staircase to the Swamp.
 13081 | Lair:3   | Noticed a five-headed hydra
 13097 | Lair:3   | Killed a five-headed hydra
 13100 | Lair:3   | Reached XP level 13. HP: 48/86 MP: 9/13
 13272 | Lair:3   | Found a hole to the Spider Nest.
 13427 | Lair:3   | Found a labyrinth entrance.
 13437 | Lab      | Entered a labyrinth
 15381 | Lab      | Noticed a minotaur
 15393 | Lab      | Killed a minotaur
 15409 | Lab      | Got a scintillating sapphire amulet
 15410 | Lab      | Identified the amulet of Miracles {Regen+ Slay+2} (You found it in a labyrinth)
 15423 | Lab      | Received a gift from Trog
 15979 | Lair:3   | Reached skill level 1 in Shields
 16566 | Lair:4   | Reached skill level 15 in Maces & Flails
 16566 | Lair:4   | Reached skill level 5 in Shields
 16605 | Lair:4   | Gained mutation: Your large and strong wings let you fly indefinitely. [Gargoyle growth]
 16605 | Lair:4   | Reached XP level 14. HP: 33/94 MP: 4/14
 17050 | Lair:4   | Received a gift from Trog
 17446 | Lair:5   | Noticed Kirke
 17638 | Lair:5   | Killed Kirke
 18308 | Lair:6   | Entered Level 6 of the Lair of Beasts
 18667 | Lair:6   | Reached skill level 16 in Maces & Flails
 18687 | Lair:6   | Found a staircase to the Slime Pits.
 19027 | Lair:6   | Received a gift from Trog
 19062 | Lair:6   | Reached skill level 10 in Shields
 19853 | D:12     | Reached XP level 15. HP: 76/101 MP: 15/15
 20197 | D:12     | Found a staircase to the Orcish Mines.
 20502 | Orc:1    | Entered Level 1 of the Orcish Mines
 20685 | Orc:2    | Entered Level 2 of the Orcish Mines
 20685 | Orc:2    | Found a staircase to the Elven Halls.
 20713 | Orc:1    | Reached ****** piety under Trog
 20760 | Orc:2    | Received a gift from Trog
 20794 | Orc:2    | Found a roughly hewn altar of Beogh.
 20808 | Orc:2    | Found a frozen archway.
 20817 | IceCv    | Entered an ice cave
 21568 | IceCv    | Noticed a frost giant
 21581 | IceCv    | Reached skill level 15 in Fighting
 21585 | IceCv    | Killed a frost giant
 21685 | IceCv    | Identified Quoqiah's Collected Works on Cold
 21691 | IceCv    | Received a gift from Trog
 22081 | Orc:2    | Found Ydific's Weapon Emporium.
 22385 | Orc:2    | Found Xoigg's Book Emporium.
 22386 | Orc:2    | Found Nihea's Weapon Boutique.
 22386 | Orc:2    | Found Barch's Weapon Boutique.
 22512 | Orc:2    | Bought the +7 great mace "Firestarter" {inner flame, rF++} for 854 gold pieces
 22512 | Orc:2    | Found the +7 great mace "Firestarter" {inner flame, rF++}
 22885 | Spider:1 | Entered Level 1 of the Spider Nest
 23099 | Spider:1 | Noticed Nikola
 23518 | Spider:1 | Killed Nikola
 23813 | Spider:2 | Reached XP level 16. HP: 91/108 MP: 16/16
 23813 | Spider:2 | Received a gift from Trog
 23831 | Spider:2 | Reached skill level 17 in Maces & Flails
 24614 | Spider:3 | Noticed Bai Suzhen
 24630 | Spider:3 | Killed Bai Suzhen
 24634 | Spider:3 | Reached skill level 18 in Maces & Flails
 24869 | Spider:3 | Noticed Jorgrun
 24882 | Spider:3 | Killed Jorgrun
 24949 | Spider:3 | Noticed Roxanne
 25099 | Spider:4 | Entered Level 4 of the Spider Nest
 25115 | Spider:4 | Noticed Arachne
 25132 | Spider:4 | Killed Arachne
 25139 | Spider:4 | Noticed Donald
 25215 | Spider:3 | Killed Donald
 25351 | Spider:4 | Blown up by an orb spider

Vault maps used:
D:1:      elethiomel_arrival_shortcut
D:2:      nicolae_ru_the_path_less_chosen, chequers_ecumenical_altar_simple,
          minmay_misc_feat_square, st_stairs_5
D:3:      overflow_temple_1_default, first_bread, kennysheep_generic_room_11
D:4:      nicolae_ossuary_entry_false_entrances, st_stairs_8, uniq_sigmund,
          uniq_duvessa, uniq_crazy_yiuf_cottage
D:5:      grunt_gozag_breadcrumbs, grunt_ministairs_15
D:6:      serial_shops, kennysheep_little_box, basic_altar,
          palyth_stone_intersect, uniq_edmund
D:7:      lemuel_crystal_altar, minmay_temple_entry_statues, uniq_joseph
D:8:      old_standard_altar, dpeg_oklobed_lair, grunt_ogre_cave, uniq_psyche,
          uniq_gastronok
D:9:      kiku_gazebo_garden_becter
D:11:     uniq_maurice, uniq_nergalle, uniq_urug
D:12:     orc_0_dummy, dk_noncrumbling_4
Lair:1:   uniq_fannar
Lair:2:   swamp_mist, serial_bayou_ford_a, beast_lair_carwin_2,
          infiniplex_staircase_pool
Lair:3:   nicolae_spider_entry_orb_guardian, lab_entry_generic,
          grunt_megastairs_5
Lair:4:   grunt_forest_small_clearing_treed, lemuel_fruit_fields,
          serial_bayou_shore_b
Lair:5:   lemuel_fruit_tree, minmay_lair_oklob_chamber, lemuel_fruit_fields,
          infiniplex_staircase_pool_2, uniq_kirke
Lair:6:   hangedman_lair_caniforms_friends, nicolae_slime_entry_slimehenge,
          grunt_megastairs_4
Spider:1: uniq_nikola
Spider:2: nicolae_spider_mines_2
Spider:3: spider_trap, nicolae_spider_cling_halls, uniq_roxanne,
          uniq_bai_suzhen, uniq_jorgrun
Spider:4: guppyfry_spider_rune, uniq_arachne, uniq_donald
Orc:2:    st_orc_elflike, portal_ice_cave_entry_pillars_2, basic_altar
Lab:      labyrinth_lava_lair
IceCv:    ice_cave_caverns_02

Skill      XL: |  1  2  3  4  5  6  7  8  9 10 11 12 13 14 15 16 |
---------------+-------------------------------------------------+-----
Throwing       | 2 |  2.0
Armour         | 1 2 3 4 5 7 8 10 11 12 | 12.3
Fighting       | 3 4 5 6 8 9 10 12 13 14 15 | 15.3
Maces & Flails | 4 5 6 8 10 11 13 14 15 16 18 | 18.9
Shields        | 6 10 13 | 13.2
Dodging        | |  2.6

Action                   |  1- 3 |  4- 6 |  7- 9 | 10-12 | 13-15 | 16-18 || total
-------------------------+-------+-------+-------+-------+-------+-------++-------
Melee: Flail             |    87 |   214 |   426 |   198 |       |       ||   925
       Eveningstar       |       |       |       |   283 |  1046 |       ||  1329
       Unarmed           |       |       |       |       |     2 |       ||     2
       Great mace        |       |       |       |       |    83 |   174 ||   257
 Fire: Blowgun           |       |       |     4 |       |       |       ||     4
Throw: Throwing net      |     1 |       |       |     1 |       |       ||     2
       Javelin           |       |       |       |     3 |    16 |       ||    19
Invok: Berserk           |     2 |     5 |     9 |    14 |     7 |     1 ||    38
       Burn Spellbooks   |       |       |     2 |     2 |     3 |       ||     7
       Trog's Hand       |       |       |     2 |     2 |     2 |       ||     6
Evoke: Wand              |       |       |       |       |     1 |       ||     1
  Use: Scroll            |       |     4 |    11 |    11 |    15 |     3 ||    44
       Potion            |       |       |     1 |     1 |    10 |     1 ||    13
 Stab: Sleeping          |       |       |     1 |       |       |       ||     1
       Invisible         |       |       |       |       |    14 |       ||    14
  Eat: Chunk             |     2 |    11 |    20 |    24 |    26 |     6 ||    89
       Fruit             |       |       |     6 |     2 |     6 |       ||    14
       Meat ration       |       |       |       |     1 |     1 |       ||     2
       Royal jelly       |       |       |       |       |     4 |       ||     4
Armor: Leather armour    |    45 |    88 |       |       |       |       ||   133
       Ring mail         |       |     2 |    44 |       |       |       ||    46
       Scale mail        |       |       |    71 |       |       |       ||    71
       Skin              |       |       |    60 |    14 |       |       ||    74
       Chain mail        |       |       |    35 |   328 |   485 |       ||   848
       Plate armour      |       |       |       |       |   336 |   212 ||   548
Dodge: Dodged            |    72 |   141 |   258 |   201 |   262 |    81 ||  1015
       Deflected         |       |       |       |       |     5 |     1 ||     6
Block: Buckler           |       |       |       |       |    66 |       ||    66
       Shield            |       |       |       |       |   516 |       ||   516

Table legend:
 A = Spawn XP
 B = Non-spawn XP
 C = Spawn XP percentage of total XP
 D = Spawn monster count
 E = Non-spawn monster count
 F = Spawn count percentage of total count
 G = Total turns spent on level
                    A         B        C        D         E        F      G
               +---------+---------+-------+---------+---------+-------+---------
         Total |       0 |  169146 |   0.0 |       0 |     786 |   0.0 | 25351
               +---------+---------+-------+---------+---------+-------+---------
           D:1 |       0 |      39 |   0.0 |       0 |      16 |   0.0 |   688
           D:2 |       0 |     196 |   0.0 |       0 |      40 |   0.0 |  1372
           D:3 |       0 |     160 |   0.0 |       0 |      27 |   0.0 |  1095
           D:4 |       0 |     881 |   0.0 |       0 |      23 |   0.0 |  1172
           D:5 |       0 |     865 |   0.0 |       0 |      23 |   0.0 |  1412
           D:6 |       0 |     772 |   0.0 |       0 |      20 |   0.0 |  1085
           D:7 |       0 |    1316 |   0.0 |       0 |      25 |   0.0 |  1238
           D:8 |       0 |    3750 |   0.0 |       0 |      19 |   0.0 |  1131
           D:9 |       0 |     797 |   0.0 |       0 |      18 |   0.0 |   612
          D:10 |       0 |    3077 |   0.0 |       0 |      25 |   0.0 |   496
          D:11 |       0 |    6434 |   0.0 |       0 |      25 |   0.0 |  1161
          D:12 |       0 |    5488 |   0.0 |       0 |      53 |   0.0 |   795
        Lair:1 |       0 |    4850 |   0.0 |       0 |      15 |   0.0 |   674
        Lair:2 |       0 |    7218 |   0.0 |       0 |      28 |   0.0 |  1079
        Lair:3 |       0 |    5393 |   0.0 |       0 |      19 |   0.0 |  1209
        Lair:4 |       0 |   22961 |   0.0 |       0 |      58 |   0.0 |  1180
        Lair:5 |       0 |    7467 |   0.0 |       0 |      18 |   0.0 |   966
        Lair:6 |       0 |   16987 |   0.0 |       0 |      96 |   0.0 |  1319
      Spider:1 |       0 |    7795 |   0.0 |       0 |      15 |   0.0 |   774
      Spider:2 |       0 |   14484 |   0.0 |       0 |      44 |   0.0 |   771
      Spider:3 |       0 |   21831 |   0.0 |       0 |      39 |   0.0 |   755
      Spider:4 |       0 |    9180 |   0.0 |       0 |      16 |   0.0 |   166
         Orc:1 |       0 |     830 |   0.0 |       0 |       5 |   0.0 |   410
         Orc:2 |       0 |   11809 |   0.0 |       0 |      68 |   0.0 |   874
           Lab |       0 |    1257 |   0.0 |       0 |       5 |   0.0 |  1992
         IceCv |       0 |   13309 |   0.0 |       0 |      46 |   0.0 |   925
               +---------+---------+-------+---------+---------+-------+---------
